Map: [ESL] Radhuset Station

Players

SHIN

  • Race: Zerg Zerg
  • Spawn Location: 1:00

Spirit - Winner!

  • Race: Terran Terran
  • Spawn Location: 7:00

Event: ESL SC2 Masters 2023 Winter (Finals)

VOD

Have the link to the VOD?

Description

Time

  • Played on: Dec. 16, 2023, 9:38 a.m.
  • Length: 34:34

All games in this series

Show
View Real Time Build Order
Export as new Build Order

SHIN Zerg 

Build Orders: Hatch First, Lurkers 

Get SALT Encoding   

  12  0:00  Drone  
  13  0:08  Drone  
  14  0:20  Overlord  
  14  0:23  Extractor, Drone  
  15  0:45  Hatchery  
  15  0:48  Drone  
  15  0:51  Drone  
  15  0:56  Drone  
  17  1:00  Drone  
  18  1:14  Spawning Pool  
  18  1:16  Drone  
  18  1:21  Drone  
  19  1:31  Drone  
  20  1:43  Drone  
  21  1:59  Drone  
  21  2:00  Queen x2  
  27  2:01  Zergling x2  
  27  2:05  Overlord  
  27  2:11  Drone  
  28  2:18  Hatchery  
  28  2:20  Drone  
  28  2:25  Drone x2  
  30  2:33  Drone  
  30  2:36  Queen  
  33  2:39  Drone  
  33  2:40  Extractor  
  33  2:41  Drone  
  34  2:47  Queen  
  36  2:52  Overlord  
  36  2:56  Overlord  
  36  3:10  Drone x6  
  36  3:11  Drone  
  43  3:14  Drone  
  44  3:20  Queen  
  46  3:27  Drone x3  
  49  3:34  Overlord  
  49  3:36  Drone x2  
  49  3:39  Drone  
  49  3:40  Metabolic Boost  
  52  3:44  Queen  
  52  3:46  Drone  
  55  3:49  Overlord  
  55  3:52  Overlord  
  55  3:54  Drone  
  56  3:58  Drone x2  
  56  3:59  Drone  
  59  4:03  Queen  
  59  4:07  Drone x2  
  63  4:10  Drone x3  
  63  4:13  Extractor  
  63  4:14  Drone x2  
  63  4:15  Drone  
  68  4:18  Queen  
  68  4:21  Overlord  
  71  4:24  Drone  
  71  4:28  Zergling x8  
  71  4:30  Zergling x2  
  71  4:31  Zergling x2  
  77  4:35  Overlord  
  77  4:36  Drone  
  78  4:42  Baneling Nest  
  78  4:44  Evolution Chamber  
  78  4:45  Zergling x10  
  81  4:47  Overlord  
  81  4:50  Lair  
  81  4:51  Drone  
  82  4:53  Drone  
  82  4:56  Overlord  
  82  4:58  Overlord  
  83  5:02  Zergling x4  
  85  5:09  Zergling x6  
  85  5:13  Zergling x6  
  91  5:16  Zerg Ground Armor Level 1  
  91  5:17  Hatchery  
  91  5:20  Zergling x4  
  91  5:25  Zergling x6  
  91  5:26  Zergling x6  
  97  5:29  Baneling x4  
  97  5:34  Zergling x8  
  101  5:40  Drone x2  
  103  5:43  Drone  
  103  5:44  Extractor  
  103  5:47  Drone x4  
  107  5:50  Centrifugal Hooks  
  107  5:51  Drone  
  107  5:54  Drone  
  109  5:58  Extractor  
  109  5:59  Drone x3  
  109  6:02  Extractor x2, Drone x4, Hydralisk Den  
  112  6:06  Drone x2  
  114  6:12  Overlord  
  114  6:18  Overlord x4  
  114  6:27  Baneling x2  
  114  6:28  Baneling x2  
  114  6:29  Drone x5  
  114  6:31  Drone x3, Grooved Spines  
  122  6:34  Drone  
  122  6:38  Drone  
  122  6:39  Drone x2  
  126  6:41  Hatchery  
  126  6:42  Baneling x3  
  126  6:43  Baneling x4  
  125  6:48  Evolution Chamber  
  125  6:52  Pneumatized Carapace  
  125  6:53  Drone  
  125  6:55  Drone x3, Spore Crawler  
  125  6:56  Spore Crawler  
  125  6:59  Hydralisk x3  
  125  7:00  Zergling x4, Spore Crawler  
  133  7:08  Overlord  
  133  7:10  Zerg Melee Weapons Level 1  
  133  7:12  Extractor, Drone x2  
  133  7:13  Drone x7  
  141  7:17  Zerg Ground Armor Level 2  
  141  7:19  Overlord  
  140  7:25  Spore Crawler, Muscular Augments  
  140  7:26  Hydralisk  
  140  7:27  Zergling x6  
  144  7:34  Baneling x3  
  144  7:36  Drone, Overlord  
  144  7:37  Drone x6  
  150  7:41  Zergling x2  
  150  7:42  Zergling x8  
  156  7:46  Infestation Pit  
  156  7:48  Hydralisk  
  156  7:49  Zergling x2  
  156  7:50  Overseer  
  156  7:56  Zergling x20  
  152  8:03  Spore Crawler  
  152  8:04  Spore Crawler  
  152  8:05  Drone x3, Spore Crawler  
  151  8:07  Zergling x6  
  151  8:11  Hydralisk x3  
  161  8:15  Zergling x4  
  163  8:21  Zergling x2  
  163  8:22  Zergling x10  
  163  8:23  Queen  
  171  8:29  Hydralisk  
  171  8:30  Zergling x10  
  171  8:33  Overseer  
  170  8:34  Hydralisk  
  170  8:35  Zergling x4  
  170  8:37  Hydralisk  
  170  8:38  Zergling x8  
  178  8:42  Zergling x2, Lurker Den  
  178  8:43  Zergling x4  
  178  8:48  Hydralisk  
  172  8:50  Baneling  
  172  8:51  Hydralisk, Baneling x9  
  172  8:52  Zergling x10  
  177  8:57  Zergling x6  
  177  8:59  Hydralisk  
  181  9:03  Hive  
  181  9:04  Drone  
  181  9:06  Overlord  
  179  9:10  Zergling x6  
  179  9:14  Burrow  
  181  9:17  Baneling x6  
  181  9:18  Baneling x18  
  181  9:22  Zergling x4  
  180  9:25  Zerg Missile Weapons Level 1  
  180  9:27  Zergling x20  
  188  9:40  Extractor, Drone x4  
  188  9:41  Zergling x12  
  188  9:45  Overlord  
  185  9:50  Lurker x5  
  188  10:05  Zergling x18  
  197  10:11  Hydralisk  
  197  10:12  Zergling x2  
  185  10:17  Hatchery  
  185  10:20  Seismic Spines  
  180  10:22  Zerg Melee Weapons Level 2  
  179  10:30  Drone x3  
  179  10:31  Extractor  
  179  10:32  Extractor, Hydralisk  
  179  10:33  Zergling x20  
  192  10:36  Overlord x2  
  192  10:45  Spire  
  192  10:48  Baneling  
  192  10:49  Baneling x11  
  191  10:59  Zergling x28  
  191  11:02  Spore Crawler  
  191  11:03  Hatchery  
  198  11:10  Lurker x2  
  200  11:14  Overseer  
  200  11:15  Overseer  
  200  11:17  Adaptive Talons  
  197  11:19  Zerg Ground Armor Level 3  
  197  11:20  Hatchery  
  197  11:24  Zergling x16  
  198  11:32  Overseer x2  
  198  11:34  Zergling x10, Nydus Network  
  198  11:39  Drone x3  
  198  11:45  Baneling x15  
  198  11:46  Baneling x5  
  196  12:01  Baneling x5, Overlord  
  196  12:05  Drone x3  
  196  12:06  Hydralisk  
  197  12:15  Drone x6  
  195  12:26  Nydus Canal  
  195  12:27  Zergling x14  
  199  12:33  Zerg Flyer Weapons Level 1  
  199  12:35  Baneling x10  
  198  12:43  Overlord x2  
  190  12:46  Zergling x12, Hydralisk  
  190  12:47  Zergling x24  
  190  12:48  Hatchery  
  189  12:51  Viper x2  
  193  13:02  Drone x3  
  189  13:11  Spore Crawler  
  189  13:12  Spore Crawler  
  187  13:19  Corruptor x6  
  199  13:25  Extractor  
  199  13:26  Ultralisk Cavern  
  197  13:33  Zerg Melee Weapons Level 3  
  197  13:40  Corruptor x2  
  199  13:55  Zerg Missile Weapons Level 2  
  199  14:09  Neural Parasite  
  199  14:14  Baneling x13  
  199  14:15  Baneling x2  
  197  14:26  Drone  
  197  14:27  Drone x2  
  198  14:32  Baneling  
  198  14:33  Baneling x8  
  198  14:36  Chitinous Plating  
  197  14:39  Corruptor  
  194  14:55  Hatchery  
  193  15:01  Corruptor x3  
  193  15:06  Overseer x2  
  199  15:08  Spore Crawler  
  199  15:09  Drone, Spore Crawler  
  199  15:10  Drone x2  
  200  15:15  Zerg Flyer Weapons Level 2  
  200  15:18  Baneling x4  
  200  15:27  Spire  
  200  15:28  Drone  
  200  15:31  Corruptor x2  
  197  15:55  Anabolic Synthesis  
  198  15:57  Zergling x6  
  199  16:09  Zergling x2  
  199  16:10  Zergling x4  
  198  16:34  Hatchery  
  198  16:37  Adrenal Glands  
  197  16:40  Zerg Flyer Armor Level 1  
  197  16:41  Zergling x6  
  158  17:12  Infestor x3  
  158  17:15  Corruptor x5  
  151  17:20  Viper x3  
  151  17:21  Spore Crawler  
  151  17:22  Zergling x50  
  191  17:24  Overlord x2  
  191  17:28  Extractor  
  190  17:30  Zerg Missile Weapons Level 3  
  190  17:32  Overseer x2  
  190  17:33  Overseer  
  190  17:34  Overlord x2  
  190  17:39  Extractor  
  190  17:41  Extractor  
  190  17:43  Extractor  
  186  17:46  Drone x2  
  186  17:47  Drone  
  185  18:12  Overseer  
  185  18:13  Zergling x28  
  185  18:16  Greater Spire  
  199  18:26  Extractor  
  198  18:39  Zergling x4  
  195  18:43  Zergling x28  
  195  18:45  Extractor  
  197  18:48  Baneling x8  
  197  18:49  Baneling x18  
  195  19:02  Hydralisk  
  178  19:03  Zergling x36  
  186  19:15  Zerg Flyer Weapons Level 3  
  186  19:16  Drone x2  
  186  19:17  Drone x3  
  188  19:30  Zergling x22  
  199  19:32  Baneling x15  
  193  20:01  Spore Crawler x2  
  193  20:02  Spore Crawler  
  193  20:04  Drone x4  
  194  20:07  Drone x2  
  194  20:12  Drone x4  
  197  20:26  Zerg Flyer Armor Level 2  
  197  20:27  Drone x3  
  200  20:38  Overseer  
  199  20:46  Drone x2  
  187  21:08  Brood Lord x12  
  198  21:12  Spine Crawler x2  
  198  21:13  Spine Crawler  
  189  21:21  Brood Lord x2  
  184  21:34  Corruptor x8  
  197  21:42  Infestor x4  
  189  21:56  Overseer  
  189  21:58  Infestor  
  189  22:00  Overseer  
  189  22:01  Overseer, Drone x2  
  185  22:02  Drone x2  
  185  22:06  Brood Lord  
  185  22:07  Brood Lord x4  
  199  22:13  Corruptor  
  199  22:16  Spore Crawler  
  199  22:17  Spore Crawler  
  197  22:29  Overseer x7  
  194  22:35  Overseer x6, Corruptor x8  
  195  22:43  Overlord x2  
  191  22:44  Overlord  
  191  22:45  Overlord x2  
  191  22:47  Overlord  
  191  22:49  Overlord  
  188  22:58  Overlord x2  
  188  23:04  Infestor x3  
  188  23:05  Infestor  
  196  23:06  Viper  
  194  23:24  Viper  
  195  23:29  Zergling x20  
  191  23:42  Overseer x2  
  191  23:43  Overseer  
  191  23:44  Zergling x2  
  191  23:45  Zergling x20  
  199  23:53  Zerg Flyer Armor Level 3  
  199  24:07  Baneling x19  
  199  24:08  Baneling x6  
  195  24:25  Zergling x8  
  195  24:31  Spine Crawler x2  
  198  24:33  Spine Crawler  
  190  25:05  Infestor  
  190  25:06  Infestor x2  
  184  25:08  Hydralisk  
  184  25:09  Zergling x26  
  198  25:15  Drone  
  197  25:29  Hatchery  
  197  25:33  Hatchery  
  195  25:46  Baneling x26  
  195  25:47  Baneling x14  
  195  25:48  Hydralisk  
  195  25:49  Zergling x6  
  200  25:55  Extractor  
  199  26:38  Extractor  
  199  26:39  Extractor  
  197  26:43  Overseer x2  
  197  26:56  Drone x2  
  199  27:05  Spore Crawler x2  
  199  27:07  Spore Crawler  
  199  27:08  Spore Crawler x2  
  194  27:10  Spore Crawler  
  193  27:17  Corruptor x5  
  189  27:36  Drone x6  
  193  27:39  Spine Crawler  
  193  27:42  Spine Crawler  
  193  27:43  Brood Lord x7, Spine Crawler  
  193  27:44  Spore Crawler  
  178  28:18  Brood Lord x10  
  186  28:20  Zergling x26  
  179  28:49  Spore Crawler x3  
  179  28:51  Hydralisk x4, Spore Crawler  
  179  28:52  Hydralisk x4, Spore Crawler  
  179  28:53  Zergling x22  
  193  28:57  Hydralisk x2  
  197  29:06  Drone x3  
  197  29:09  Overseer x7  
  198  29:27  Hydralisk x4  
  197  29:38  Hydralisk  
  186  29:39  Zergling x26  
  199  29:48  Overseer x9  
  197  29:58  Hydralisk x4  
  165  30:07  Hydralisk  
  165  30:08  Zergling x2  
  165  30:12  Overseer x8  
  146  30:15  Zergling x4  
  121  30:21  Zergling x2  
  121  30:31  Infestor  
  121  30:32  Infestor  
  121  30:41  Hydralisk  
  121  30:42  Zergling x2  
  124  30:51  Hydralisk  
  124  30:52  Zergling x2  
  127  30:58  Infestor x2  
  127  31:05  Hydralisk  
  127  31:06  Zergling x4, Overseer x7  
  127  31:08  Zergling x2  
  127  31:10  Zergling x2  
  104  31:13  Zergling x4  
  104  31:15  Zergling x2  
  104  31:16  Zergling x2  
  76  31:19  Zergling x2  
  76  31:22  Zergling x2  
  72  31:26  Zergling x2, Hydralisk  
  72  31:28  Zergling x2  
  72  31:30  Zergling x2  
  69  31:35  Hydralisk  
  69  31:37  Zergling x4  
  73  31:42  Hydralisk  
  73  31:43  Zergling x2  
  73  31:46  Zergling x2  
  76  31:51  Hydralisk x2  
  76  31:54  Zergling x2  
  81  31:59  Zergling x6  
  84  32:06  Hydralisk x2  
  84  32:07  Zergling x2  
  84  32:08  Zergling x2  
  85  32:10  Zergling x2  
  85  32:12  Zergling x2  
  85  32:13  Zergling x2  
  85  32:15  Zergling x2  
  85  32:17  Hydralisk  
  85  32:19  Zergling x2  
  86  32:27  Hydralisk x2  
  86  32:28  Hydralisk  
  87  32:34  Infestor  
  89  32:39  Infestor x2  
  89  32:42  Hydralisk  
  77  32:44  Zergling x2  
  77  32:50  Infestor  
  77  32:51  Infestor  
  79  32:58  Hydralisk  
  79  32:59  Hydralisk  
  79  33:01  Zergling x2  
  84  33:06  Lurker x2  
  84  33:07  Zergling x2  
  84  33:10  Zergling x4  
  84  33:12  Zergling x2  
  90  33:17  Zergling x6  
  91  33:24  Infestor x7, Hydralisk  
  91  33:25  Zergling x4  
  92  33:34  Hydralisk  
  92  33:36  Zergling x2  
  92  33:37  Zergling x4  
  92  33:40  Zergling x2  
  92  33:41  Zergling x2  
  99  33:45  Zergling x2  
  100  33:49  Zergling x4  
  102  33:57  Hydralisk  
  102  33:58  Zergling x2  
  102  33:59  Zergling x2, Overseer x4  
  94  34:04  Zergling x4  
  94  34:07  Zergling x2  
  96  34:13  Zergling x2  
  96  34:14  Zergling x2  
  96  34:15  Zergling x6  
Show
View Real Time Build Order
Export as new Build Order

Spirit Terran - Winner!

Build Orders: Command Center First 

Get SALT Encoding   

  12  0:00  SCV  
  13  0:12  SCV  
  14  0:17  Supply Depot  
  14  0:24  SCV  
  15  0:39  SCV  
  16  0:51  SCV  
  17  1:02  Command Center  
  18  1:04  SCV  
  18  1:16  SCV  
  18  1:17  Barracks  
  19  1:28  SCV  
  20  1:40  SCV  
  21  1:51  Command Center  
  21  1:53  SCV  
  22  2:05  Marine  
  22  2:07  Orbital Command  
  23  2:15  Orbital Command  
  23  2:22  Refinery  
  23  2:23  Marine  
  23  2:26  Refinery  
  24  2:33  SCV  
  25  2:40  Marine  
  25  2:41  SCV  
  27  2:45  SCV  
  28  2:53  Barracks, SCV  
  28  2:57  SCV  
  30  2:59  Barracks  
  30  3:00  Barracks Reactor  
  30  3:05  Orbital Command, SCV  
  31  3:09  SCV  
  32  3:17  SCV  
  33  3:21  SCV  
  34  3:29  SCV  
  34  3:31  Command Center  
  34  3:33  SCV  
  37  3:34  SCV  
  37  3:40  Factory  
  37  3:42  Barracks Tech Lab  
  37  3:43  SCV  
  37  3:45  SCV  
  37  3:46  Marine, SCV  
  41  3:48  Barracks Reactor  
  41  3:51  Marine  
  41  3:55  SCV  
  43  3:57  SCV  
  43  3:58  Supply Depot  
  43  3:59  SCV  
  43  4:01  Stimpack  
  43  4:02  Marine  
  46  4:04  Marine  
  46  4:07  Refinery  
  46  4:08  SCV  
  46  4:09  SCV  
  49  4:11  SCV, Marine  
  49  4:17  Supply Depot  
  51  4:20  SCV  
  51  4:21  Marine, SCV  
  51  4:22  Marine  
  51  4:23  SCV  
  56  4:25  Factory Reactor, Starport  
  56  4:27  Marine  
  56  4:28  Marine  
  58  4:32  SCV  
  58  4:33  SCV  
  58  4:34  Refinery  
  58  4:36  SCV  
  58  4:37  Supply Depot  
  58  4:38  Marine  
  62  4:45  Orbital Command  
  64  4:46  Marine  
  64  4:48  Marine x2  
  64  4:51  Orbital Command, SCV  
  67  4:53  Engineering Bay  
  67  4:54  Engineering Bay  
  67  4:55  Marine  
  67  4:57  SCV  
  68  5:00  Orbital Command  
  68  5:03  SCV  
  68  5:04  Supply Depot  
  68  5:05  Marine  
  70  5:08  Factory Reactor  
  70  5:09  SCV  
  70  5:11  Medivac x2  
  75  5:15  SCV  
  75  5:18  SCV  
  79  5:21  Terran Infantry Weapons Level 1, SCV  
  79  5:25  Terran Infantry Armor Level 1  
  79  5:27  Missile Turret, SCV x2  
  80  5:31  Barracks  
  80  5:33  Barracks  
  80  5:35  Factory  
  80  5:39  SCV x2  
  80  5:41  Combat Shield  
  80  5:42  Missile Turret  
  82  5:44  Bunker, SCV  
  82  5:45  SCV  
  82  5:47  Supply Depot  
  82  5:48  Widow Mine x2  
  88  5:51  SCV x2  
  88  5:53  Marine x4  
  88  5:56  Medivac, SCV  
  97  5:58  Medivac  
  97  6:02  SCV  
  97  6:03  Supply Depot  
  100  6:07  Armory  
  100  6:08  SCV x3  
  103  6:14  SCV  
  103  6:15  Widow Mine, Supply Depot  
  103  6:18  Supply Depot  
  106  6:21  Factory Tech Lab  
  106  6:22  Barracks Reactor  
  106  6:23  Supply Depot  
  106  6:24  Barracks Tech Lab  
  109  6:30  SCV, Widow Mine  
  109  6:31  Barracks, SCV  
  109  6:32  Barracks x2  
  110  6:34  Refinery  
  110  6:35  SCV  
  110  6:36  Widow Mine, SCV  
  114  6:42  Widow Mine  
  114  6:43  Supply Depot, SCV x2  
  114  6:44  Supply Depot  
  118  6:47  SCV  
  118  6:48  SCV  
  118  6:49  Marauder, Marine  
  118  6:52  Widow Mine  
  125  6:55  SCV  
  125  6:57  Marauder, Marine  
  125  6:58  Widow Mine  
  125  6:59  SCV  
  125  7:00  Refinery  
  125  7:01  Medivac x2  
  136  7:04  SCV, Widow Mine  
  136  7:05  Marine  
  136  7:06  Drilling Claws  
  136  7:08  Marine x4  
  142  7:09  SCV  
  142  7:11  Marauder  
  142  7:13  Widow Mine  
  142  7:15  Marine  
  150  7:16  SCV  
  150  7:19  Supply Depot, Marauder  
  150  7:20  Supply Depot  
  150  7:21  Supply Depot  
  150  7:22  Barracks Reactor, Barracks Tech Lab x2  
  154  7:23  Marine, Concussive Shells  
  154  7:26  Marine  
  154  7:27  Marine, Refinery  
  154  7:28  Refinery  
  154  7:29  Supply Depot  
  156  7:30  Supply Depot  
  156  7:37  Terran Infantry Weapons Level 2  
  156  7:41  Marauder x2, Widow Mine, SCV, Marine  
  156  7:42  SCV x2  
  166  7:45  Marauder, Marine  
  166  7:46  Widow Mine, Marauder  
  166  7:48  Medivac  
  166  7:49  Marine  
  166  7:50  Marine  
  166  7:51  SCV, Marine x2  
  164  7:58  Marine  
  164  7:59  Marine x2  
  164  8:01  Medivac  
  164  8:02  Marine x2  
  164  8:03  Marine  
  164  8:04  Terran Infantry Armor Level 2  
  172  8:06  Marine, Widow Mine  
  172  8:07  Marauder x2  
  172  8:08  Marine x3  
  180  8:16  Marine  
  180  8:17  Marine x2  
  180  8:18  Medivac  
  185  8:20  Widow Mine, Marauder x2  
  185  8:21  Marine  
  185  8:24  Widow Mine  
  194  8:27  Marine  
  194  8:29  Marine  
  194  8:34  Widow Mine  
  196  8:35  Marine x2  
  191  8:42  Widow Mine  
  191  8:43  Marine  
  191  8:44  Medivac  
  191  8:45  Widow Mine  
  193  8:48  Medivac  
  193  8:52  SCV  
  193  8:54  Starport  
  193  8:55  Fusion Core, Widow Mine  
  196  8:56  Starport  
  196  9:00  Marine  
  196  9:10  Marine x2  
  196  9:11  Widow Mine  
  196  9:12  Marine x5  
  196  9:14  Hellbat  
  196  9:22  Liberator, Widow Mine, Marine x4  
  196  9:35  Marine  
  196  9:37  Marine  
  196  9:38  Marine  
  196  9:40  Marine x2  
  196  9:41  SCV x2  
  196  9:42  SCV  
  196  9:43  Widow Mine, Marauder  
  196  9:45  Widow Mine  
  196  9:47  Starport Reactor x2, Advanced Ballistics  
  196  9:50  SCV  
  196  9:54  Command Center, Ghost Academy  
  196  9:55  Command Center  
  196  10:05  Marine  
  196  10:08  Marine  
  196  10:09  SCV  
  196  10:12  SCV  
  196  10:13  Marine x3  
  196  10:14  SCV x2, Marine  
  196  10:15  Liberator, Widow Mine  
  196  10:16  Liberator  
  196  10:21  Missile Turret, SCV  
  191  10:22  Missile Turret  
  191  10:24  Liberator, SCV  
  191  10:26  SCV  
  196  10:38  Terran Infantry Weapons Level 3, SCV x2  
  196  10:39  Terran Infantry Armor Level 3  
  196  10:41  Sensor Tower  
  196  10:43  Supply Depot  
  196  10:58  SCV  
  196  11:03  Liberator x3  
  194  11:05  Liberator  
  194  11:07  Liberator  
  194  11:08  Command Center  
  200  11:23  Ghost  
  199  11:27  Orbital Command  
  199  11:30  Command Center  
  199  11:32  Liberator  
  200  11:37  Terran Ship Weapons Level 1  
  200  11:38  Ghost  
  196  12:04  Ghost  
  196  12:11  Ghost, Missile Turret x3  
  191  12:17  Ghost x2  
  191  12:28  Planetary Fortress  
  176  12:33  Ghost  
  178  12:39  Sensor Tower  
  178  12:40  Ghost  
  178  12:43  Liberator, Refinery  
  182  12:45  Ghost x2  
  182  12:48  Refinery  
  182  12:50  Marine  
  151  12:52  Marine x7  
  154  13:00  Liberator  
  154  13:02  Ghost  
  154  13:05  Orbital Command  
  156  13:07  SCV x2  
  156  13:08  Ghost, Command Center, Marine  
  156  13:09  Marine  
  156  13:10  Marine x6  
  168  13:14  Ghost x2  
  168  13:16  Missile Turret  
  172  13:21  Factory  
  172  13:22  Siege Tank, Factory  
  172  13:26  Armory, Marine  
  176  13:27  Marine x3  
  176  13:28  Orbital Command  
  176  13:29  Factory Tech Lab  
  176  13:31  Terran Vehicle Weapons Level 1, Marauder  
  181  13:37  Ghost  
  181  13:39  Missile Turret  
  183  13:43  Marauder x2  
  183  13:44  Sensor Tower  
  183  13:45  Neosteel Armor  
  187  13:51  Siege Tank, Missile Turret  
  187  13:52  Marauder  
  187  13:54  Siege Tank, Missile Turret  
  195  13:57  Caduceus Reactor  
  195  13:58  Command Center  
  195  14:00  Command Center  
  195  14:04  Marauder x2  
  195  14:09  Factory Tech Lab x2  
  199  14:18  Command Center  
  199  14:20  Command Center  
  199  14:21  Orbital Command  
  199  14:24  Command Center  
  199  14:25  Missile Turret  
  196  14:38  Siege Tank  
  196  14:43  Command Center  
  199  14:46  Terran Ship Weapons Level 2  
  199  14:47  Ghost Academy  
  199  14:50  Siege Tank, Command Center  
  199  14:51  Missile Turret  
  199  15:02  Hi-Sec Auto Tracking  
  195  15:11  Sensor Tower  
  195  15:12  Orbital Command  
  195  15:13  Siege Tank  
  198  15:16  Sensor Tower  
  198  15:19  Personal Cloaking  
  198  15:21  Ghost Academy  
  198  15:22  Ghost Academy  
  198  15:25  Terran Vehicle And Ship Armor Level 1, Nuke  
  198  15:29  Ghost  
  198  15:32  Ghost  
  200  15:35  Orbital Command  
  189  15:58  Siege Tank  
  191  16:05  Liberator  
  194  16:16  Missile Turret  
  194  16:17  Missile Turret x2  
  194  16:19  Siege Tank  
  197  16:29  Planetary Fortress  
  197  16:30  Sensor Tower, Missile Turret  
  197  16:31  Missile Turret x2  
  197  16:32  Orbital Command, Missile Turret  
  195  16:34  Refinery  
  195  16:35  Refinery  
  195  16:40  Orbital Command  
  195  16:43  Liberator  
  195  16:45  Nuke  
  198  16:47  Infernal Pre-Igniter  
  198  16:48  Command Center  
  198  16:49  Nuke  
  198  16:50  Command Center  
  198  16:51  Missile Turret  
  188  17:04  Ghost x3  
  170  17:11  Siege Tank x3  
  177  17:24  Planetary Fortress  
  177  17:27  Sensor Tower  
  177  17:34  Nuke  
  177  17:37  Missile Turret  
  175  17:45  Terran Vehicle Weapons Level 2, Terran Vehicle And Ship Armor Level 2  
  175  17:51  Command Center, Marauder, Marine  
  175  17:56  Liberator x4, Missile Turret  
  175  17:57  Missile Turret  
  175  17:58  Liberator x2  
  194  18:07  Command Center  
  191  18:16  Missile Turret  
  191  18:18  Missile Turret  
  191  18:25  Missile Turret  
  191  18:27  Sensor Tower  
  191  18:39  Liberator x2  
  197  18:47  Marauder, Marine  
  200  18:51  Missile Turret  
  200  18:56  Missile Turret  
  200  18:58  Nuke  
  186  19:05  Marine  
  186  19:06  Marauder  
  189  19:11  Marine  
  189  19:12  Marine  
  189  19:24  Ghost  
  189  19:25  Marauder, Marine  
  189  19:27  Marauder, Marine  
  189  19:28  Marauder  
  189  19:30  Missile Turret, Marine  
  189  19:31  Missile Turret  
  200  19:36  Orbital Command, Factory  
  200  19:44  Missile Turret  
  197  19:48  Missile Turret  
  197  19:55  Marauder, Marine  
  200  20:03  Missile Turret  
  200  20:10  Missile Turret  
  196  20:40  Sensor Tower  
  196  20:47  Nuke  
  196  20:48  Terran Vehicle Weapons Level 3  
  196  20:49  Terran Vehicle And Ship Armor Level 3  
  196  20:54  Factory Reactor  
  194  21:04  Sensor Tower  
  191  21:17  Missile Turret  
  191  21:18  Missile Turret  
  188  21:19  Command Center, Missile Turret  
  185  21:48  Nuke x2  
  183  21:57  Nuke  
  183  21:58  Planetary Fortress  
  183  22:00  Refinery  
  183  22:01  Liberator, Refinery  
  186  22:09  Thor  
  186  22:10  Thor  
  198  22:22  Planetary Fortress  
  193  22:33  Thor  
  193  22:34  Thor  
  200  22:40  Ghost x3  
  200  22:44  Widow Mine x2  
  195  22:52  Thor  
  195  22:55  Hellbat  
  197  22:59  Marine  
  197  23:00  Marauder  
  194  23:09  Ghost x3  
  200  23:12  Hellion  
  200  23:25  Terran Ship Weapons Level 3  
  194  23:35  Thor  
  200  23:58  Ghost  
  199  24:16  Hellbat x2  
  199  24:28  Missile Turret  
  199  24:29  Sensor Tower  
  191  24:39  Command Center  
  191  24:42  Command Center  
  191  24:43  Command Center  
  173  25:06  Thor x4  
  174  25:07  Hellbat x2  
  174  25:11  Liberator x6  
  193  25:22  Command Center  
  193  25:29  Hellbat x2  
  191  25:46  Ghost x2  
  191  25:47  Ghost x2  
  199  25:56  Smart Servos  
  199  26:09  Command Center  
  199  26:10  Command Center  
  199  26:35  Hellion x4  
  199  26:43  Marine  
  199  26:46  Sensor Tower  
  200  26:47  Missile Turret  
  200  26:51  Missile Turret  
  200  26:57  Sensor Tower  
  200  27:00  Sensor Tower  
  200  27:12  Nuke  
  200  27:26  Planetary Fortress  
  200  27:43  Refinery x2  
  192  27:44  Missile Turret  
  192  27:45  Thor, Sensor Tower  
  198  28:00  Nuke x2  
  189  28:15  Hellion x3  
  189  28:19  Nuke  
  195  28:24  Hellbat x2  
  199  28:40  Command Center  
  187  28:51  Refinery  
  187  28:53  Thor x4  
  175  28:56  Hellbat x2  
  166  29:36  Thor x2  
  166  29:37  Thor x2  
  125  30:33  Hellbat  
  117  30:46  Orbital Command  
  101  31:15  Hellbat  
  91  31:32  Thor  
  97  31:34  Hellbat  
  99  31:42  Hellbat, Hellion x2  
  105  31:48  Planetary Fortress  
  105  31:53  Ghost, Hellion  
  109  31:58  Hellion x5, Marauder x2, Marine x4  
  109  31:59  Marine  
  109  32:00  Marauder, Marine  
  121  32:03  Medivac x2  
  120  32:08  Medivac  
  120  32:09  Marine x2, Medivac x2  
  114  32:16  Marine x4  
  114  32:17  Marine x2  
  114  32:19  Marauder  
  114  32:20  Marine, Marauder  
  114  32:22  Marine  
  109  32:23  Hellion x3  
  109  32:27  Marine x2  
  111  32:33  Marine x2  
  111  32:34  Hellion x3, Marine x2  
  111  32:35  Marine  
  111  32:37  Marine  
  122  32:39  Marauder  
  122  32:40  Marine  
  122  32:44  Marine x2  
  122  32:45  Marine x2  
  126  32:51  Marine x4  
  126  32:52  Medivac  
  126  32:53  Marine  
  126  32:54  Marine  
  126  32:58  Marine  
  135  33:01  Medivac  
  137  33:09  Medivac  
  137  33:10  Marine x6  
  145  33:13  Marauder  
  145  33:19  Medivac  
  147  33:22  Marauder x3  
  149  33:31  Marine  
  150  33:35  Missile Turret, Marauder  
  150  33:36  Liberator  
  150  33:39  Missile Turret  
  150  33:40  Liberator  
  158  33:41  Liberator  
  158  33:45  Liberator  
  164  33:51  Liberator  
  167  33:58  Ghost x4  
Tags
 
Add a new tag
Caveats
  • Supply blocks, unpowered buildings, or Contaminate may cause inaccurate times.
  • Supply counts are checked every 10 seconds.